 Dungeon Crawl Stone Soup version 0.31-a0-175-g9f7f995f2b (webtiles) character file.

Game seed: 12203073971135324736

613709 dolemite99 the Grand Scion (level 27, -11/199 HPs)
             Began as a Gnoll Warper on June 18, 2023.
             Was a High Priest of Hepliaklqana.
             Killed from afar by an orb of fire (15 damage)
             ... with a bolt of fire
             ... on level 5 of the Realm of Zot on June 19, 2023.
             The game lasted 04:42:59 (125731 turns).

dolemite99 the Grand Scion (Gnoll Warper)         Turns: 125731, Time: 04:43:00

Health: -11/199    AC: 22    Str: 13    XL:     27
Magic:  16/41      EV: 19    Int: 29    God:    Hepliaklqana [*****.]
Gold:   2701       SH: 22    Dex: 14    Spells: 4/65 levels left

rFire   + + +        a - +4 hand crossbow (freeze)
rCold   + + +        I - +2 shield of Resistance {rF++ rC++ Will++}
rNeg    + . .        L - quicksilver dragon scales
rPois   +            f - +0 helmet of Bad Feelings {rF- rCorr Slay+5 SInv}
rElec   +            r - +1 cloak {rPois}
rCorr   +            g - +2 pair of gloves
SInv    +            H - +0 pair of boots "Doilyl" {Dex+5}
Will    ++++.        c - amulet of reflection
Stlth   ++           R - +6 ring of intelligence {=R}
HPRegen 0.53/turn    x - ring of the Salamander {rPois rF+++ rC++ rN+ Will- Stlth-}
MPRegen 0.27/turn

%: random rage (3%), reflection
@: about to teleport, death channelling, resistant, marked, contaminated,
hasted, glowing, very quick
A: reduced essence, fangs 1, strong nose, distributed training, berserk 1,
clumsy 2, deformed body, deterioration 1, low MP 1, subdued magic 1
}: 4/15 runes: decaying, serpentine, slimy, silver
a: Renounce Religion, Recall Ancestor, Ancestor Identity, Transference, Idealise


You were on level 5 of the Realm of Zot.
You worshipped Hepliaklqana.
Hepliaklqana was extremely pleased with you.
You visited 12 branches of the dungeon, and saw 56 of its levels.
You visited 1 ziggurat, and saw 6 of its levels.

You collected 9553 gold pieces.
You spent 6852 gold pieces at shops.

Inventory:

Hand Weapons
 a - a +4 hand crossbow of freezing (weapon)
 b - a +9 vampiric double sword
Missiles
 E - 18 boomerangs
 G - 3 silver boomerangs
 T - 6 boomerangs of dispersal
 V - 2 silver javelins
Armour
 f - the +0 helmet of Bad Feelings (worn) {rF- rCorr Slay+5 SInv}
   (You bought it in a shop on level 3 of the Snake Pit)

   Slay:      It affects your accuracy & damage with ranged weapons and melee
   (+5).
   rF:        It makes you vulnerable to fire.
   SInv:      It lets you see invisible.
   rCorr:     It protects you from acid and corrosion.
 g - a +2 pair of gloves (worn)
 r - a +1 cloak of poison resistance (worn)
 H - the +0 pair of boots "Doilyl" (worn) {Dex+5}
   (You found it on level 7 of the Dungeon)

   Dex:       It affects your dexterity (+5).
 I - the +2 shield of Resistance (worn) {rF++ rC++ Will++}
   (You found it on level 2 of the Swamp)

   rF:        It greatly protects you from fire.
   rC:        It greatly protects you from cold.
   Will:      It greatly increases your willpower.
 L - quicksilver dragon scales (worn)
Magical Staves
 S - the staff of fire "Teotojug" {rPois rF+ Int+7}
   (You found it on level 5 of the Vaults)

   [staff of fire]

   Base accuracy: +5 Base damage: 5 Base attack delay: 1.2 This weapon's minimum
   attack delay (0.6) is reached at skill level 12.
   Int:       It affects your intelligence (+7).
   rF:        It protects you from fire.
   rPois:     It protects you from poison.
   It falls into the 'Staves' category.
   It is a one-handed weapon.
Jewellery
 c - an amulet of reflection (around neck)
 d - the ring "Orhosaisch" {rN+ Dex+5}
   (You found it on level 3 of the Crypt)

   [ring of positive energy]

   Dex:       It affects your dexterity (+5).
   rN:        It protects you from negative energy.
 e - a ring of protection from cold
 p - a ring of protection from fire
 w - the ring of Biugu {rElec rPois Str+2 Dex+6}
   (You took it off an ironbound convoker on level 5 of the Vaults)

   [ring of dexterity]

   Str:       It affects your strength (+2).
   Dex:       It affects your dexterity (+6).
   rElec:     It insulates you from electricity.
   rPois:     It protects you from poison.
 x - the ring of the Salamander (right hand) {rPois rF+++ rC++ rN+ Will- Stlth-}
   (You found it on level 3 of the Crypt)

   [ring of positive energy]

   rF:        It renders you almost immune to fire.
   rC:        It greatly protects you from cold.
   rPois:     It protects you from poison.
   rN:        It protects you from negative energy.
   Will:      It decreases your willpower.
   Stlth:     It makes you less stealthy.
 z - the ring "Mymm" {rC+ rN+ Str+2 Dex+3}
   (You found it on level 4 of a ziggurat)

   [ring of protection from cold]

   Str:       It affects your strength (+2).
   Dex:       It affects your dexterity (+3).
   rC:        It protects you from cold.
   rN:        It protects you from negative energy.
 R - a +6 ring of intelligence (left hand) {=R}
 X - a ring of flight
Wands
 h - a wand of digging (17)
 o - a wand of iceblast (44)
 s - a wand of paralysis (69)
 t - a wand of quicksilver (4)
 u - a wand of mindburst (29)
Scrolls
 i - 8 scrolls of poison
 j - 8 scrolls of fog
 l - a scroll of revelation
 q - 24 scrolls of teleportation
 B - 6 scrolls of silence
 D - a scroll of summoning
 O - 30 scrolls of identify {@r1}
 Y - 4 scrolls of fear
Potions
 m - 6 potions of resistance
 v - a potion of brilliance
 y - a potion of haste
 A - 17 potions of curing
 C - a potion of invisibility
 F - 2 potions of might
 J - 2 potions of enlightenment
 K - 7 potions of cancellation
 P - 14 potions of mutation
 U - a potion of magic
Miscellaneous
 n - a phantom mirror
 M - a lightning rod (4/4)
 N - a sack of spiders
 W - a tin of tremorstones (1/2)
 Z - a phial of floods


   Skills:
 + Level 19.5 Fighting
 + Level 19.1 Short Blades
 + Level 19.1 Long Blades
 + Level 19.1 Axes
 + Level 19.1 Maces & Flails
 + Level 19.5 Polearms
 + Level 19.1 Staves
 + Level 19.1 Ranged Weapons
 + Level 19.2 Throwing
 + Level 19.2 Armour
 + Level 19.5 Dodging
 + Level 19.1 Stealth
 + Level 19.1 Shields
 + Level 19.1 Unarmed Combat
 + Level 19.6 Spellcasting
 + Level 16.3 Conjurations
 + Level 16.3 Hexes
 + Level 16.3 Summonings
 + Level 16.3 Necromancy
 + Level 17.1 Translocations
 + Level 16.3 Transmutations
 + Level 16.3 Fire Magic
 + Level 16.3 Ice Magic
 + Level 16.3 Air Magic
 + Level 16.3 Earth Magic
 + Level 16.3 Poison Magic
 + Level 20.6 Invocations
 + Level 19.1 Evocations


You had 4 spell levels left.
You knew the following spells:

 Your Spells              Type           Power      Damage    Failure   Level
a - Manifold Assault      Tloc           78%        N/A       0%          4
b - Olgreb's Toxic Radia  Pois           76%        N/A       1%          4
c - Simulacrum            Ice/Necr       38%        N/A       1%          6
d - Ozocubu's Refrigerat  Ice            38%        4d15      2%          7
e - Blink                 Tloc           100%       N/A       0%          2
f - Borgnjor's Vile Clut  Necr/Erth      38%        N/A       1%          5
g - Haunt                 Necr/Summ      38%        N/A       2%          7
h - Sublimation of Blood  Necr           76%        N/A       0%          2
i - Fireball              Conj/Fire      38%        3d16      1%          5
j - Passwall              Tmut/Erth      63%        N/A       0%          2
k - Death Channel         Necr           38%        N/A       1%          6
l - Starburst             Conj/Fire      38%        6d11      1%          6
m - Summon Forest         Summ/Tloc      38%        N/A       1%          5

Your spell library contained the following spells:

 Spells                   Type           Power      Damage    Failure   Level
 Apportation              Tloc           100%       N/A       0%          1
 Beastly Appendage        Tmut           100%       N/A       0%          1
 Magic Dart               Conj           100%       1d8       0%          1
 Necrotise                Necr           100%       1d9       0%          1
 Sandblast                Erth           100%       2d20      0%          1
 Shock                    Conj/Air       100%       1d9       0%          1
 Slow                     Hex            100%       N/A       0%          1
 Sting                    Tmut/Pois      100%       1d8       0%          1
 Summon Small Mammal      Summ           100%       N/A       0%          1
 Cigotuvi's Dreadful Rot  Necr/Pois/Air  100%       N/A       0%          2
 Ensorcelled Hibernation  Hex/Ice        100%       N/A       0%          2
 Lesser Beckoning         Tloc           100%       N/A       0%          2
 Momentum Strike          Conj/Tloc      100%       3d10      0%          2
 Poisonous Vapours        Pois/Air       100%       N/A       0%          2
 Scorch                   Fire           100%       2d9       0%          2
 Wereblood                Tmut           76%        N/A       0%          2
 Call Canine Familiar     Summ           76%        N/A       0%          3
 Confusing Touch          Hex            76%        N/A       0%          3
 Dazzling Flash           Conj/Hex       100%       N/A       0%          3
 Frozen Ramparts          Ice            100%       1d16      0%          3
 Gell's Gravitas          Tloc           78%        N/A       0%          3
 Hailstorm                Conj/Ice       76%        3d16      0%          3
 Ignite Poison            Fire/Tmut/Pois 76%        N/A       0%          3
 Inner Flame              Hex/Fire       76%        N/A       0%          3
 Portal Projectile        Hex/Tloc       100%       N/A       0%          3
 Spider Form              Tmut/Pois      76%        N/A       0%          3
 Stone Arrow              Conj/Erth      100%       3d13      0%          3
 Summon Guardian Golem    Hex/Summ       76%        N/A       0%          3
 Swiftness                Air            76%        N/A       0%          3
 Teleport Other           Tloc           78%        N/A       0%          3
 Vampiric Draining        Necr           76%        2d11      0%          3
 Vhi's Electric Charge    Tloc/Air       100%       N/A       0%          3
 Volatile Blastmotes      Fire/Tloc      100%       2d18      0%          3
 Iskenderun's Mystic Bla  Conj/Tloc      77%        2d15      0%          4
 Airstrike                Air            38%        2d(6-22)  1%          4
 Anguish                  Hex/Necr       38%        N/A       1%          4
 Animate Armour           Summ/Erth      100%       N/A       1%          4
 Animate Dead             Necr           76%        N/A       1%          4
 Cause Fear               Hex            38%        N/A       1%          4
 Dispel Undead            Necr           76%        3d25      1%          4
 Flame Wave               Conj/Fire      76%        2d17      1%          4
 Ice Form                 Ice/Tmut       76%        N/A       1%          4
 Leda's Liquefaction      Hex/Erth       38%        N/A       1%          4
 Petrify                  Tmut/Erth      76%        N/A       1%          4
 Sticky Flame             Conj/Fire      76%        2d9       1%          4
 Summon Ice Beast         Ice/Summ       76%        N/A       1%          4
 Summon Lightning Spire   Summ/Air       76%        N/A       1%          4
 Agony                    Necr           76%        N/A       1%          5
 Alistair's Intoxication  Tmut/Pois      50%        N/A       1%          5
 Arcjolt                  Conj/Air       38%        1d48      1%          5
 Blade Hands              Tmut           38%        N/A       1%          5
 Freezing Cloud           Conj/Ice/Air   38%        6-21      1%          5
 Irradiate                Conj/Tmut      38%        3d24      1%          5
 Iskenderun's Battlesphe  Conj           76%        2d12      1%          5
 Silence                  Hex/Air        38%        N/A       1%          5
 Summon Mana Viper        Hex/Summ       76%        N/A       1%          5
 Yara's Violent Unravell  Hex/Tmut       38%        3d15      1%          5
 Conjure Ball Lightning   Conj/Air       38%        3x3d12    1%          6
 Dispersal                Tloc           39%        N/A       1%          6
 Eringya's Noxious Bog    Tmut/Pois      38%        N/A       1%          6
 Leda's Unmaking          Conj/Erth      38%        9d7       1%          6
 Summon Cactus Giant      Summ           38%        N/A       1%          6
 Dragon Form              Tmut           38%        N/A       2%          7
 Enfeeble                 Hex            38%        N/A       2%          7
 Spellforged Servitor     Conj/Summ      38%        N/A       2%          7
 Storm Form               Tmut/Air       38%        N/A       2%          7
 Summon Hydra             Summ           38%        N/A       2%          7
 Disjunction              Tloc           39%        N/A       16%         8
 Borgnjor's Revivificati  Necr           38%        N/A       22%         8
 Discord                  Hex            38%        N/A       22%         8
 Ignition                 Fire           38%        3d11      22%         8
 Infestation              Necr           38%        N/A       22%         8
 Lehudib's Crystal Spear  Conj/Erth      38%        10d9      22%         8
 Maxwell's Capacitive Co  Air            38%        ∞         22%         8
 Necromutation            Tmut/Necr      38%        N/A       22%         8
 Chain Lightning          Conj/Air       38%        3d50      98%         9
 Death's Door             Necr           38%        N/A       98%         9
 Dragon's Call            Summ           38%        N/A       98%         9
 Fire Storm               Conj/Fire      38%        8d10      98%         9
 Polar Vortex             Ice            38%        N/A       98%         9
 Shatter                  Erth           38%        3d30*     98%         9


Dungeon Overview and Level Annotations

Branches:
Dungeon (15/15)            Temple (1/1) D:5            Lair (5/5) D:10
  Swamp (4/4) Lair:2        Snake (4/4) Lair:3        Slime (5/5) Lair:5
    Orc (2/2) D:12            Elf (3/3) Orc:2        Vaults (5/5) D:13
  Crypt (3/3) Vaults:2       Tomb (0/3) Crypt:3      Depths (4/4) D:15
    Zot (5/5) Depths:4

Altars:
Ashenzari
Cheibriados
Dithmenos
Elyvilon
Fedhas
Gozag
Hepliaklqana
Kikubaaqudgha
Makhleb
Nemelex Xobeh
Okawaru
Qazlal
Ru
Sif Muna
Trog
Uskayaw
Vehumet
Wu Jian
Xom
Yredelemnul
Zin
The Shining One

Shops:
D:3 [:[   D:8 !   D:10 (   Orc:2 ?*[:*   Elf:1 [*   Elf:2 (   Snake:2 ![
Snake:3 [:(   Snake:4 :   Vaults:1 (   Vaults:5 *   Depths:1 *   Depths:4 *

Portals:
Hell: Depths:1 Depths:2 Depths:3 Depths:4
Abyss: Depths:1 Depths:2 Depths:3
Pandemonium: Orc:2 Depths:2 Depths:3
Trove: Vaults:3 (give 14 scrolls of teleportation)

Annotations:
Snake:1 exclusion: downstairs
Elf:2 3 runed translucent doors
Crypt:1 36 runed doors


Innate Abilities, Weirdness & Mutations

Your life essence is reduced to manifest your ancestor. (-10% HP)
You have very sharp teeth.
Your uncanny sense of smell can sniff out nearby items.
Your experience applies equally to all skills.
You sometimes lose your temper in combat.
You are very clumsy. (Dex -4)
Armour fits poorly on your strangely shaped body.
Your body sometimes deteriorates upon taking damage.
Your magical capacity is low. (-10% MP)
Your spells are a little easier to cast, but a little less powerful.


Message History

The orb of fire emits a lurid red light.
The fireball explodes!
The fireball engulfs you! You resist.
* * * LOW HITPOINT WARNING * * *
As you read the scroll of fog, it dissolves into smoke.
A moth of wrath comes into view.
You feel better.
The orb of fire emits a lurid red light.
The bolt of fire hits you! You resist.
* * * LOW HITPOINT WARNING * * *
As you read the scroll of teleportation, it crumbles to dust.
You feel strangely unstable.
You feel the Orb delaying your translocation!
The orb of fire glows deep purple.
The fireball explodes!
The fireball engulfs you! You resist.
* * * LOW HITPOINT WARNING * * *
The fireball engulfs the orb of fire.
The orb of fire completely resists.
The fireball engulfs the orb of fire.
The orb of fire completely resists.
The orb of fire glows yellow.
The bolt of fire hits the orb of fire.
The orb of fire completely resists.
The bolt of fire hits you! You resist.
* * * LOW HITPOINT WARNING * * *
Your body shudders with the violent release of wild energies!
The magical storm engulfs you. You resist.
* * * LOW HITPOINT WARNING * * *
The magical storm engulfs the orb of fire.
The orb of fire completely resists.
The magical storm engulfs the orb of fire.
The orb of fire completely resists.
Your body twists and deforms.
Casting: Blink (safe; 0% risk of failure)
Confirm with . or Enter, or press ? or * to list all spells.
You blink.
You feel yourself speed up.
The orb of fire emits a lurid red light.
Strange energies course through your body.
You feel clumsy.
You feel yourself speed up.
The Killer Klown blinks!
The orb of fire glows bright magenta.
The bolt of fire hits you! You resist.
You die...

,,,,,*** ***,,,,,,,,. ^,****
****,,,,,, ▓▓▓▓▓▓# #▓▓▓▓▓▓▓▓▓▓
...^..### ###...pd.p...
.)##....## ##.*..##p.d...
,^,###...###########*.*###.....*p
,,,,*##....y..§§pp§...###.......X
,,,,* ##......§§**§..## #.....d.d
,,,,* #......§§@*§..# #......*§
,,,,* ##......§§§§.## #....§§§.
,,,,* #......§§§..# #....§§§§
,,,,* ##......)....## #....§§§§
,,,** #...........p.# ##.^.§§§§
,,** ##.............## ##..§§§§
,** #......^......^.# ##..... **
▓▓▓########.######## ######
#........##.####### #########


You could see 3 orbs of fire and 3 Killer Klowns.

Vanquished Creatures
  the Royal Jelly (Slime:5)
  A dread lich (Zig:5)
  Mara (Vaults:3)
  Vv (Depths:4)
  Frederick (Vaults:3)
  Saint Roka (Elf:3)
  3 curse toes
  2 golden dragons (Depths:3)
  A profane servitor (Crypt:3)
  2 bone dragons
  5 tentacled monstrosities
  2 Orb Guardians (Zot:5)
  A lich (Vaults:5)
  Asterion (Elf:3)
  3 titans (Vaults:5)
  A deep elf master archer (Elf:3)
  12 acid blobs (Slime:5)
  7 quicksilver dragons
  2 death cobs
  3 sphinxes
  2 deep elf blademasters (Elf:3)
  3 ancient champions
  3 shadow dragons
  3 draconian monks
  9 storm dragons
  Kirke (Elf:1)
  2 tengu reavers
  3 revenants
  4 rockslimes (Slime:5)
  3 azure jellies (Slime:5)
  6 frost giants
  6 fire giants
  6 deep elf sorcerers
  3 draconian knights (Zot:3)
  13 vault wardens
  2 iron dragons (Depths:3)
  A frost giant (shapeshifter) (Depths:3)
  4 draconian scorchers
  A ghost moth (Zot:4)
  2 ghouls (Crypt:2)
  3 draconian shifters
  2 orc warlords
  A deep elf elementalist (Elf:3)
  A war gargoyle (Vaults:2)
  A caustic shrike skeleton (Depths:3)
  2 spriggan defenders (Depths:2)
  6 quicksilver oozes
  11 ironbound preservers
  3 draconian annihilators
  6 very ugly things
  4 ironbound thunderhulks
  A formless jellyfish (Vaults:2)
  7 green draconians
  5 black draconians
  8 stone giants
  3 deep elf annihilators
  4 deep elf demonologists (Elf:3)
  9 vampire knights
  4 eleionomae
  3 dire elephants (Vaults:4)
  4 white draconians
  4 spark wasps (Depths:2)
  A bunyip (Swamp:4)
  5 red draconians
  3 yellow draconians
  7 purple draconians
  7 deep elf death magi
  A blizzard demon (Depths:2)
  Snorg (Orc:2)
  A green death (Swamp:4)
  An elf zombie (Crypt:1)
  8 ettins
  4 fire dragons
  An ettin (shapeshifter) (Vaults:5)
  6 yaktaur captains
  A deep elf high priest (Elf:3)
  11 jiangshi
  8 great orbs of eyes
  8 hydras
  An ice dragon (Depths:3)
  A peacekeeper (Vaults:4)
  19 vault guards
  2 demonspawn (Orc:2)
  Erolcha (D:13)
  A ghost crab (Swamp:3)
  3 ogre magi (Vaults:5)
  2 spriggan air magi (Depths:2)
  8 centaur warriors
  5 salamander tyrants (Snake:4)
  An anaconda (shapeshifter) (Depths:3)
  8 anacondas
  6 boulder beetles
  8 dancing weapons
  A merfolk avatar (Lair:5)
  The ghost of LobsterGuardian the Nimble, a journeyman FeSu of Nemelex Xobeh (Lair:2)
  An ironbound frostheart (Vaults:3)
  5 deep troll shamans
  5 alligators
  A death knight (Crypt:3)
  A deep troll earth mage (Depths:2)
  A two-headed ogre (D:10)
  6 naga warriors
  3 death yaks (Lair:5)
  2 tengu warriors
  10 deep elf knights
  10 naga sharpshooters
  4 orc high priests
  A vampire mage (Crypt:2)
  7 hell knights
  A soul eater (D:13)
  2 spriggan berserkers
  Urug (Lair:1)
  2 shock serpents
  2 sun demons
  A sixfirhy (Depths:2)
  3 shadow wraiths (Crypt:3)
  A salamander mystic (Snake:4)
  A skyshark (Lair:3)
  A fire crab (D:15)
  3 spriggan druids
  28 skeletal warriors
  A golden dragon zombie (Crypt:1)
  3 goliath frogs
  4 flayed ghosts (Crypt:3)
  A storm dragon skeleton (Depths:3)
  A glowing orange brain (Depths:1)
  An iron troll (Depths:2)
  21 deep trolls
  3 obsidian statues
  9 deep elf archers
  8 ironbound convokers
  4 wizards
  3 bog bodies
  3 phantasmal warriors
  A lindwurm (Lair:3)
  3 orc knights (Orc:2)
  8 necromancers
  2 swamp dragons
  17 deep elf zephyrmancers
  A shining eye (Slime:5)
  A wolf spider (Vaults:5)
  2 mana vipers
  15 deep elf pyromancers
  2 will-o-the-wisps
  A sphinx skeleton (Crypt:2)
  5 orc sorcerers
  5 manticores
  20 moths of wrath
  3 cyclopes
  10 ugly things
  13 vault sentinels
  18 salamanders
  Joseph (D:10)
  23 black mambas
  3 elephants (Lair:5)
  2 fire giant skeletons
  3 guardian serpents (Snake:4)
  A torpor snail (Zig:2)
  An ice statue (Zig:2)
  An eye of devastation (shapeshifter) (Depths:3)
  A rust devil (Depths:2)
  8 naga magi
  An orange demon (Orc:2)
  A kobold demonologist (D:11)
  Maggie (D:8)
  5 cane toads
  An ice devil (D:13)
  7 komodo dragons
  A minotaur zombie (Crypt:1)
  4 tengu conjurers
  An efreet (D:15)
  3 freezing wraiths
  28 yaktaurs
  2 rime drakes
  5 trolls
  2 red devils (Depths:2)
  5 tyrant leeches
  A yaktaur skeleton (Vaults:2)
  2 hellwings
  A polar bear (Lair:4)
  5 hornets
  2 blink frogs (Lair:5)
  A harpy skeleton (Crypt:3)
  An ice dragon zombie (Crypt:2)
  An ettin zombie (Vaults:2)
  4 dream sheep (Lair:3)
  2 air elementals
  25 flying skulls (Crypt:3)
  4 water elementals
  25 slime creatures
  An ettin skeleton (Crypt:2)
  11 spriggans
  3 shadows
  3 basilisks
  A tyrant leech zombie (Crypt:2)
  2 wyverns
  2 large abominations
  3 nameless horrors
  A vampire (D:12)
  3 golden eyes (Slime:4)
  7 wraiths
  5 hogs (Elf:1)
  5 humans (D:13)
  A neqoxec (D:13)
  A redback (shapeshifter) (Zig:5)
  32 yaks
  A chaos spawn (Depths:2)
  3 fire elementals
  A fire bat zombie (Crypt:1)
  A warg (Orc:2)
  4 vampire mosquitoes
  13 swamp worms
  4 acid dragons
  19 nagas
  A floating eye (Depths:3)
  5 water moccasins
  A floating eye (shapeshifter) (D:15)
  2 ice beasts
  4 black bears
  23 orc warriors
  A snapping turtle zombie (Crypt:1)
  7 boggarts
  6 wolves
  7 ogres
  8 centaurs
  4 phantoms (D:5)
  3 kobold brigands
  4 small abominations
  6 bullfrogs
  A scorpion (D:5)
  4 necrophages (Crypt:3)
  4 earth elementals
  A komodo dragon skeleton (Crypt:2)
  5 wights
  14 killer bees
  6 howler monkeys
  An electric eel (Lair:2)
  A human simulacrum (Vaults:2)
  A gnoll bouda (D:6)
  3 hounds
  A jelly (D:6)
  14 orc priests
  Ijyb (D:3)
  4 iguanas
  11 orc wizards
  A deep dwarf zombie (Crypt:2)
  12 river rats (D:5)
  11 adders
  12 gnolls
  A white imp (D:4)
  An adder zombie (Crypt:1)
  An iguana skeleton (Crypt:2)
  A worm (D:2)
  5 dart slugs
  65 orcs
  5 endoplasms
  2 giant cockroaches (D:2)
  12 goblins
  6 hobgoblins
  8 jackals (D:1)
  7 kobolds
  15 quokkas
  7 ball pythons
  2 bats (D:3)
  A frilled lizard (D:2)
  30 rats
1325 creatures vanquished.

Vanquished Creatures (collateral kills)
  3 orbs of fire
  An ancient lich (Zot:5)
  A juggernaut (Depths:3)
  2 Killer Klowns (Zot:3)
  Boris (Crypt:2)
  A curse toe (Zot:5)
  A caustic shrike (Depths:3)
  5 golden dragons
  A bone dragon (Depths:4)
  4 electric golems
  Jorgrun (Swamp:1)
  8 Orb Guardians (Zot:5)
  5 liches
  6 tentacled monstrosities
  2 deep elf blademasters (Elf:3)
  9 acid blobs
  A titan (Zig:1)
  5 quicksilver dragons
  3 sphinxes
  An ancient champion (Crypt:3)
  8 death cobs
  2 thorn hunters
  5 tengu reavers
  A nagaraja (Snake:2)
  6 shadow dragons
  Donald (Elf:1)
  3 fire giants
  An azure jelly (Slime:1)
  A draconian monk (Zot:1)
  4 storm dragons
  5 rockslimes
  4 draconian knights
  An iron dragon (Depths:4)
  9 frost giants
  3 deep elf sorcerers
  10 vault wardens
  Aizul (Snake:4)
  2 draconian scorchers
  2 curse skulls
  A draconian shifter (Zot:4)
  4 draconian stormcallers
  2 ghouls
  A reaper (Crypt:2)
  10 very ugly things
  7 ironbound preservers
  9 stone giants
  2 formless jellyfish
  A draconian annihilator (Zot:1)
  An ironbound thunderhulk (Vaults:4)
  2 quicksilver oozes
  2 war gargoyles
  4 deep elf demonologists (Elf:3)
  3 vampire knights
  An eleionoma (Swamp:1)
  A black draconian (Zot:1)
  4 dire elephants (Vaults:3)
  8 red draconians
  4 green draconians
  5 deep elf annihilators (Elf:3)
  2 bunyips
  3 spark wasps
  6 white draconians
  5 yellow draconians
  7 purple draconians
  A fire dragon (Depths:2)
  3 ettins
  A green death (Swamp:4)
  3 deep elf death magi
  2 crystal guardians
  A spriggan zombie (Crypt:1)
  10 jiangshi
  A deep elf high priest (Vaults:5)
  Josephine (Swamp:1)
  10 yaktaur captains
  8 hydras
  An entropy weaver (Vaults:1)
  3 great orbs of eyes
  3 salamander tyrants
  3 rakshasas
  2 hell beasts (Swamp:4)
  2 ghost crabs
  18 vault guards
  6 ice dragons
  2 peacekeepers
  3 ironbound frosthearts
  An ogre mage (D:15)
  A demonspawn (Orc:2)
  6 spriggan air magi
  A catoblepas (D:13)
  3 death knights
  6 anacondas
  3 alligators
  3 centaur warriors
  3 two-headed ogres
  3 tengu warriors
  2 death yaks (Lair:5)
  7 dancing weapons
  2 orc high priests (Orc:2)
  2 deep troll earth magi (Depths:2)
  6 deep troll shamans
  5 naga sharpshooters
  4 naga warriors
  5 hell knights
  A thrashing horror (Swamp:4)
  A spriggan berserker (Depths:3)
  5 deep elf knights
  4 shock serpents
  A sixfirhy (Depths:2)
  3 iron trolls
  19 skeletal warriors
  An iron troll (shapeshifter) (Depths:3)
  2 salamander mystics (Snake:4)
  A goliath frog (D:11)
  A spark wasp zombie (Depths:1)
  2 spriggan druids
  A sea snake (Lair:5)
  3 swamp dragons
  A shadow dragon zombie (Depths:3)
  4 glowing orange brains
  A ghost moth zombie (Crypt:1)
  An orb spider (Zig:2)
  3 obsidian statues
  3 phantasmal warriors (Crypt:2)
  8 deep elf archers
  6 lindwurms
  5 bog bodies
  A bunyip skeleton (Crypt:1)
  28 deep trolls
  5 naga ritualists
  6 deep elf pyromancers
  5 necromancers
  5 wizards
  6 orc knights
  7 deep elf zephyrmancers
  12 ironbound convokers
  6 orc sorcerers
  A mana viper (shapeshifter) (Depths:3)
  A manticore (D:11)
  A frost giant zombie (Depths:1)
  A shining eye (Slime:5)
  11 ugly things
  5 mana vipers
  11 salamanders
  3 guardian serpents
  A fire giant skeleton (Depths:1)
  3 cyclopes
  A cyclops (shapeshifter) (Vaults:5)
  An ice statue (Zig:2)
  A large abomination (Swamp:4)
  8 moths of wrath
  A dire elephant zombie (Crypt:3)
  A rust devil (Orc:2)
  19 black mambas
  A water nymph (Snake:3)
  A smoke demon (Depths:2)
  10 vault sentinels
  3 eyes of devastation (Slime:5)
  2 orange demons
  8 naga magi
  2 cane toads
  A kobold demonologist (D:11)
  An unseen horror (shapeshifter) (Vaults:5)
  18 yaktaurs
  5 komodo dragons
  3 unseen horrors
  A redback zombie (Crypt:1)
  3 freezing wraiths
  2 tengu conjurers
  A grey draconian skeleton (Crypt:1)
  A red devil (Depths:2)
  2 polar bears
  A spriggan skeleton (Depths:1)
  3 trolls
  2 wind drakes (Lair:5)
  A tarantella (Vaults:1)
  4 tyrant leeches
  A snapping turtle (shapeshifter) (D:13)
  A snapping turtle (Lair:5)
  A culicivora zombie (Crypt:2)
  7 hornets
  A blink frog (shapeshifter) (Elf:1)
  6 blink frogs (Lair:5)
  32 slime creatures
  25 flying skulls (Crypt:3)
  3 shadows
  An air elemental (Elf:1)
  A culicivora (Zig:2)
  A ynoxinul (D:13)
  5 water elementals (Depths:3)
  A nameless horror (Crypt:2)
  A basilisk (Lair:2)
  7 spriggans
  A fire elemental (Elf:3)
  4 wraiths
  4 wyverns
  2 redbacks (Vaults:1)
  5 yaks
  A tyrant leech zombie (Crypt:1)
  3 golden eyes (Slime:4)
  2 steam dragons (Lair:5)
  10 humans (D:13)
  3 chaos spawn
  A neqoxec (Orc:2)
  8 vampire mosquitoes
  5 swamp worms
  An acid dragon (D:11)
  8 water moccasins
  A glowing shapeshifter zombie (Depths:1)
  18 nagas
  10 orc warriors
  A black bear (Lair:2)
  2 ogres
  9 wolves
  6 centaurs
  3 boggarts
  A kobold brigand (D:11)
  5 bullfrogs
  2 necrophages (Crypt:2)
  2 wights (D:8)
  A hornet simulacrum (D:14)
  A killer bee (D:7)
  3 howler monkeys
  A gnoll bouda (D:7)
  10 orc priests
  An iguana (D:7)
  13 orc wizards
  2 gnolls (D:7)
  33 orcs
  5 kobolds
  A river rat zombie (Crypt:2)
  An orc skeleton (Crypt:2)
960 creatures vanquished.

Vanquished Creatures (others)
  A tentacled monstrosity (Zot:1)
  Frances (Elf:1)
  2 vault wardens
  3 yaktaur captains
  A vault guard (Vaults:5)
  An ironbound frostheart (Vaults:3)
  A hydra (Swamp:1)
  A centaur warrior (Vaults:1)
  2 deep elf knights (Elf:2)
  2 deep elf archers (Elf:1)
  A deep elf pyromancer (Elf:3)
  2 deep elf zephyrmancers (Elf:1)
  A moth of wrath (Zot:5)
  A vault sentinel (Vaults:2)
  10 yaktaurs
  A hydra zombie (Swamp:4)
  A hornet (Swamp:4)
  A bloated husk (Swamp:1)
  A spriggan zombie (Swamp:4)
  3 black mamba zombies (Snake:2)
  A shadow (D:13)
  A human (D:13)
  6 salamander zombies
  15 naga zombies
  64 knights
  6 ancestors
  10 foxfires
  3 snaplasher vines (Zot:2)
143 creatures vanquished.

Grand Total: 2428 creatures vanquished

Notes
Turn   | Place    | Note
-------+----------+-------------------------------------------
     0 | D:1      | dolemite99 the Gnoll Warper began the quest for the Orb.
     0 | D:1      | Reached XP level 1. HP: 20/20 MP: 6/6
   107 | D:1      | Reached XP level 2. HP: 23/26 MP: 7/7
   470 | D:1      | Reached skill level 5 in Spellcasting
   470 | D:1      | Reached XP level 3. HP: 24/31 MP: 7/9
   766 | D:1      | You fall into a shaft and drop 1 floor!
   827 | D:2      | Reached skill level 1 in Invocations
  1215 | D:2      | Reached skill level 1 in Short Blades
  1215 | D:2      | Reached skill level 1 in Long Blades
  1215 | D:2      | Reached skill level 1 in Axes
  1215 | D:2      | Reached skill level 1 in Maces & Flails
  1215 | D:2      | Reached skill level 1 in Staves
  1215 | D:2      | Reached skill level 1 in Ranged Weapons
  1215 | D:2      | Reached skill level 1 in Stealth
  1215 | D:2      | Reached skill level 1 in Shields
  1215 | D:2      | Reached skill level 1 in Unarmed Combat
  1215 | D:2      | Reached skill level 1 in Evocations
  1217 | D:2      | Reached XP level 4. HP: 5/38 MP: 11/11
  2302 | D:2      | Reached skill level 1 in Conjurations
  2302 | D:2      | Reached skill level 1 in Hexes
  2302 | D:2      | Reached skill level 1 in Summonings
  2302 | D:2      | Reached skill level 1 in Necromancy
  2302 | D:2      | Reached skill level 1 in Transmutations
  2302 | D:2      | Reached skill level 1 in Fire Magic
  2302 | D:2      | Reached skill level 1 in Ice Magic
  2302 | D:2      | Reached skill level 1 in Air Magic
  2302 | D:2      | Reached skill level 1 in Earth Magic
  2302 | D:2      | Reached skill level 1 in Poison Magic
  3005 | D:3      | Found Douf's Book Shop.
  3039 | D:3      | Found Axogg's Antique Armour Boutique.
  3092 | D:3      | Bought a pair of embroidered boots for 142 gold pieces
  3124 | D:3      | Learned a level 2 spell: Blink
  3127 | D:3      | Learned a level 2 spell: Lesser Beckoning
  3131 | D:3      | Learned a level 3 spell: Teleport Other
  3135 | D:3      | Learned a level 3 spell: Vhi's Electric Charge
  3175 | D:3      | Reached XP level 5. HP: 29/43 MP: 12/12
  3322 | D:3      | Noticed Ijyb
  3349 | D:3      | Killed Ijyb
  3629 | D:3      | Found Deraoty's Armour Shoppe.
  3754 | D:3      | Found Seil's Armour Shoppe.
  3830 | D:3      | Reached skill level 2 in Invocations
  3831 | D:3      | Reached XP level 6. HP: 44/50 MP: 11/13
  3934 | D:4      | Reached skill level 5 in Fighting
  3934 | D:4      | Reached skill level 5 in Polearms
  3934 | D:4      | Reached skill level 5 in Dodging
  4113 | D:4      | Noticed a black bear
  4120 | D:4      | Killed a black bear
  4710 | D:5      | Entered Level 5 of the Dungeon
  4720 | D:5      | Learned a level 3 spell: Call Canine Familiar
  5056 | D:5      | Reached XP level 7. HP: 27/56 MP: 8/15
  5317 | D:5      | Found a staircase to the Ecumenical Temple.
  5391 | D:5      | Reached skill level 3 in Invocations
  5617 | Temple   | Entered the Ecumenical Temple
  5817 | Temple   | Became a worshipper of Hepliaklqana the Forgotten
  6340 | D:5      | Reached XP level 8. HP: 56/63 MP: 14/16
  7203 | D:5      | Learned a level 3 spell: Ignite Poison
  7207 | D:5      | Learned a level 3 spell: Frozen Ramparts
  7529 | D:5      | Reached skill level 4 in Invocations
  7749 | D:3      | Bought a +1 pair of gloves for 149 gold pieces
  8193 | D:6      | Identified the +12 whip "Locoz" {freeze, Stlth+}
  8245 | D:6      | Reached * piety under Hepliaklqana
  8275 | D:6      | Reached XP level 9. HP: 57/62 MP: 12/18
  8451 | D:6      | Found an ornate altar of the Wu Jian Council.
  8453 | D:6      | Found a glowing silver altar of Zin.
  8910 | D:7      | Reached skill level 5 in Throwing
  8910 | D:7      | Reached skill level 5 in Armour
  9193 | D:7      | Learned a level 4 spell: Summon Ice Beast
  9537 | D:7      | Identified the +0 pair of boots "Doilyl" {Dex+5}
  9745 | D:3      | Bought a buckler for 85 gold pieces
 10011 | D:8      | Found Gufesty's Distillery.
 10018 | D:8      | Reached skill level 5 in Invocations
 10045 | D:8      | Bought a potion of curing for 48 gold pieces
 10045 | D:8      | Bought a potion of curing for 48 gold pieces
 10318 | D:8      | Noticed a komodo dragon
 10322 | D:8      | Killed a komodo dragon
 10988 | D:8      | Reached skill level 5 in Short Blades
 10988 | D:8      | Reached skill level 5 in Long Blades
 10988 | D:8      | Reached skill level 5 in Axes
 10988 | D:8      | Reached skill level 5 in Maces & Flails
 10988 | D:8      | Reached skill level 5 in Staves
 10988 | D:8      | Reached skill level 5 in Ranged Weapons
 10988 | D:8      | Reached skill level 5 in Stealth
 10988 | D:8      | Reached skill level 5 in Shields
 10988 | D:8      | Reached skill level 5 in Unarmed Combat
 10988 | D:8      | Reached skill level 5 in Evocations
 10988 | D:8      | Reached XP level 10. HP: 69/69 MP: 16/20
 11163 | D:8      | Noticed Maggie
 11173 | D:8      | Killed Maggie
 11549 | D:9      | Reached skill level 6 in Invocations
 11719 | D:9      | Reached ** piety under Hepliaklqana
 11720 | D:9      | Remembered your ancestor Esmond as a knight
 12296 | D:10     | Entered Level 10 of the Dungeon
 12339 | D:8      | Bought a potion of heal wounds for 80 gold pieces
 12360 | D:10     | Identified the +4 glaive of the Solstice {heavy, *Rage
                  | rPois rF- Dex+8}
 12518 | D:10     | Found a staircase to the Lair.
 12744 | D:10     | Noticed a two-headed ogre
 12753 | D:10     | Killed a two-headed ogre
 12969 | D:10     | Found Tuonn's Weapon Emporium.
 13019 | D:10     | Noticed Joseph
 13029 | D:10     | Killed Joseph
 13030 | D:10     | Reached skill level 5 in Conjurations
 13030 | D:10     | Reached skill level 5 in Hexes
 13030 | D:10     | Reached skill level 5 in Summonings
 13030 | D:10     | Reached skill level 5 in Necromancy
 13030 | D:10     | Reached skill level 5 in Transmutations
 13030 | D:10     | Reached skill level 5 in Fire Magic
 13030 | D:10     | Reached skill level 5 in Ice Magic
 13030 | D:10     | Reached skill level 5 in Air Magic
 13030 | D:10     | Reached skill level 5 in Earth Magic
 13030 | D:10     | Reached skill level 5 in Poison Magic
 13277 | D:10     | Noticed a cyclops
 13285 | D:10     | Killed a cyclops
 13286 | D:10     | Reached XP level 11. HP: 62/76 MP: 8/23
 13809 | Lair:1   | Entered Level 1 of the Lair of Beasts
 13817 | D:10     | Learned a level 4 spell: Manifold Assault
 14360 | Lair:1   | Reached *** piety under Hepliaklqana
 14719 | Lair:1   | Reached skill level 7 in Invocations
 15251 | Lair:1   | Noticed Urug
 15256 | Lair:1   | Killed Urug
 15850 | Lair:2   | Found a gate leading to a gauntlet.
 15963 | Lair:2   | Noticed a bog body
 15975 | Lair:2   | Killed a bog body
 15999 | Lair:2   | Noticed a bog body
 16008 | Lair:2   | Killed a bog body
 16014 | Lair:2   | Noticed a bog body
 16281 | Lair:2   | Found a large runed translucent door.
 16327 | Lair:2   | Found a large runed translucent door.
 16330 | Lair:2   | Noticed LobsterGuardian's ghost (journeyman FeSu)
 16514 | Lair:2   | Reached **** piety under Hepliaklqana
 16718 | Lair:2   | Reached XP level 12. HP: 84/84 MP: 18/24
 17219 | Lair:2   | Reached skill level 8 in Invocations
 17399 | Lair:2   | Found a staircase to the Swamp.
 19005 | Lair:3   | Noticed a skyshark
 19047 | Lair:3   | Killed a skyshark
 19297 | Lair:3   | Found a staircase to the Snake Pit.
 20260 | Lair:4   | Noticed a five-headed hydra
 20271 | Lair:4   | Killed a five-headed hydra
 21345 | Lair:4   | Reached XP level 13. HP: 90/90 MP: 16/26
 21794 | Lair:4   | Reached skill level 9 in Invocations
 22261 | Lair:5   | Entered Level 5 of the Lair of Beasts
 22732 | Lair:5   | Found a staircase to the Slime Pits.
 22922 | Lair:5   | Reached skill level 10 in Spellcasting
 23558 | Lair:5   | Reached ***** piety under Hepliaklqana
 23597 | Lair:5   | Found the ring of the Octopus King
 23597 | Lair:5   | Found the +4 moon troll leather armour {Spirit, Regen++
                  | MP+5}
 23602 | Lair:5   | Identified a ring of the Octopus King {Wiz HP+2 AC+2 EV+2
                  | SH+2}
 23610 | Lair:5   | Identified the +5 flail of Devamn {vamp, Int+5}
 23642 | Lair:5   | Reached skill level 10 in Fighting
 23642 | Lair:5   | Reached skill level 10 in Polearms
 23642 | Lair:5   | Reached skill level 10 in Dodging
 25044 | D:11     | Reached XP level 14. HP: 99/99 MP: 28/28
 25058 | D:11     | Reached skill level 10 in Invocations
 25442 | D:3      | Bought a book of Unlife for 360 gold pieces
 25450 | D:3      | Learned a level 5 spell: Borgnjor's Vile Clutch
 25458 | D:3      | Learned a level 6 spell: Starburst
 27681 | D:12     | Found a staircase to the Orcish Mines.
 29733 | Orc:1    | Entered Level 1 of the Orcish Mines
 29769 | Orc:1    | Reached skill level 10 in Throwing
 29769 | Orc:1    | Reached skill level 10 in Armour
 30321 | Orc:2    | Entered Level 2 of the Orcish Mines
 30498 | Orc:2    | Noticed Snorg
 30507 | Orc:2    | Killed Snorg
 30684 | Orc:2    | Noticed an orc warlord
 30811 | Orc:2    | Found a staircase to the Elven Halls.
 31394 | Orc:2    | Found Xonkeun's Magic Scroll Boutique.
 31443 | Orc:2    | Found Hoyrouh's General Store.
 31820 | Orc:2    | Gained mutation: Your spells are a little easier to cast,
                  | but a little less powerful. [a neqoxec]
 32304 | Orc:2    | Reached skill level 10 in Translocations
 32379 | Orc:2    | Killed an orc warlord
 32554 | Orc:2    | Found Nucan's Needful Niceties.
 33360 | Orc:2    | Reached skill level 10 in Short Blades
 33360 | Orc:2    | Reached skill level 10 in Long Blades
 33360 | Orc:2    | Reached skill level 10 in Axes
 33360 | Orc:2    | Reached skill level 10 in Maces & Flails
 33360 | Orc:2    | Reached skill level 10 in Staves
 33360 | Orc:2    | Reached skill level 10 in Ranged Weapons
 33360 | Orc:2    | Reached skill level 10 in Stealth
 33360 | Orc:2    | Reached skill level 10 in Shields
 33360 | Orc:2    | Reached skill level 10 in Unarmed Combat
 33360 | Orc:2    | Reached skill level 10 in Evocations
 33808 | Orc:2    | Reached XP level 15. HP: 106/106 MP: 30/30
 33996 | Orc:2    | Reached skill level 11 in Invocations
 34993 | Orc:2    | Found Usiez's Antique Armour Emporium.
 34993 | Orc:2    | Found Enguprif's Book Shoppe.
 34994 | Orc:2    | Found a one-way gate leading to the halls of Pandemonium.
 35006 | Orc:2    | Learned a level 2 spell: Sublimation of Blood
 35765 | D:13     | Noticed Erolcha
 35781 | D:13     | Killed Erolcha
 36555 | D:13     | Found a gate to the Vaults.
 37419 | D:14     | Found a white marble altar of Elyvilon.
 38669 | D:15     | Entered Level 15 of the Dungeon
 40360 | D:15     | Identified the +6 scale mail of Eternity {+Blink rPois
                  | Slay+3}
 40911 | D:15     | Reached XP level 16. HP: 114/114 MP: 30/32
 41226 | D:15     | Reached skill level 12 in Invocations
 41533 | D:15     | Learned a level 4 spell: Animate Dead
 41556 | D:15     | Found a staircase to the Depths.
 42027 | Orc:2    | Bought a scroll of fog for 40 gold pieces
 42027 | Orc:2    | Bought a scroll of fog for 40 gold pieces
 42027 | Orc:2    | Bought a scroll of enchant armour for 75 gold pieces
 42027 | Orc:2    | Bought a scroll of silence for 95 gold pieces
 42163 | D:8      | Bought a potion of brilliance for 64 gold pieces
 42163 | D:8      | Bought a potion of enlightenment for 80 gold pieces
 42163 | D:8      | Bought a potion of enlightenment for 80 gold pieces
 42163 | D:8      | Bought a potion of haste for 160 gold pieces
 42925 | Snake:1  | Entered Level 1 of the Snake Pit
 46118 | Snake:2  | Noticed a nagaraja
 46127 | Snake:2  | Killed a nagaraja
 46998 | Snake:2  | Found Enulotal's Armour Shop.
 47002 | Snake:2  | Found Efrirchokh's Distillery.
 47006 | Snake:2  | Bought a +2 cloak of preservation for 387 gold pieces
 47020 | Snake:2  | Bought a potion of heal wounds for 75 gold pieces
 47020 | Snake:2  | Bought a potion of heal wounds for 75 gold pieces
 47020 | Snake:2  | Bought a potion of curing for 45 gold pieces
 47020 | Snake:2  | Bought a potion of might for 60 gold pieces
 47020 | Snake:2  | Bought a potion of invisibility for 120 gold pieces
 47020 | Snake:2  | Bought a potion of resistance for 150 gold pieces
 47247 | Snake:2  | Reached ****** piety under Hepliaklqana
 47704 | Snake:3  | Found Kogu's Weapon Boutique.
 47716 | Snake:3  | Reached XP level 17. HP: 67/121 MP: 13/33
 48175 | Snake:3  | Identified the +6 falchion "Paotall" {flame, rElec Stlth+}
 48381 | Snake:3  | Found Buocluq's Antique Armour Emporium.
 48438 | Snake:3  | Found Aseuqati's Book Shop.
 48799 | Snake:3  | Reached skill level 10 in Conjurations
 48799 | Snake:3  | Reached skill level 10 in Hexes
 48799 | Snake:3  | Reached skill level 10 in Summonings
 48799 | Snake:3  | Reached skill level 10 in Necromancy
 48799 | Snake:3  | Reached skill level 10 in Transmutations
 48799 | Snake:3  | Reached skill level 10 in Fire Magic
 48799 | Snake:3  | Reached skill level 10 in Ice Magic
 48799 | Snake:3  | Reached skill level 10 in Air Magic
 48799 | Snake:3  | Reached skill level 10 in Earth Magic
 48799 | Snake:3  | Reached skill level 10 in Poison Magic
 50045 | Snake:4  | Entered Level 4 of the Snake Pit
 50103 | Snake:4  | Noticed Aizul
 50298 | Snake:4  | Reached skill level 13 in Invocations
 52108 | Snake:4  | Killed Aizul
 52373 | Snake:4  | Found Fobam's Tremendous Tomes.
 54258 | Snake:4  | Got a serpentine rune of Zot
 55889 | Orc:2    | Bought a pair of runed gloves for 187 gold pieces
 56155 | Swamp:1  | Entered Level 1 of the Swamp
 56171 | Swamp:1  | Noticed Jorgrun
 56946 | Swamp:1  | Killed Jorgrun
 56947 | Swamp:1  | Reached XP level 18. HP: 41/128 MP: 11/35
 56982 | Swamp:1  | Noticed Josephine
 56998 | Swamp:1  | Killed Josephine
 58889 | Swamp:2  | Identified the +3 rapier "Nyura" {venom, rPois rN+}
 59360 | Swamp:2  | Found the +2 shield of Resistance {rF++ rC++ Will++}
 60770 | Swamp:4  | Entered Level 4 of the Swamp
 61398 | Swamp:4  | Reached skill level 14 in Invocations
 63131 | Swamp:4  | Got a decaying rune of Zot
 63978 | Lair:2   | Killed LobsterGuardian's ghost
 64272 | Lair:2   | Found a staircase to the Swamp.
 64761 | Elf:1    | Entered Level 1 of the Elven Halls
 64762 | Elf:1    | Noticed Kirke
 64771 | Orc:2    | Learned a level 6 spell: Death Channel
 64784 | Elf:1    | Reached XP level 19. HP: 91/135 MP: 14/37
 64792 | Elf:1    | Killed Kirke
 65034 | Elf:1    | Found Vilyt's General Store.
 65047 | Elf:1    | Bought a scroll of fog for 60 gold pieces
 65047 | Elf:1    | Bought a +2 helmet of see invisible for 322 gold pieces
 65675 | Elf:1    | Found Ilaaw's Armour Emporium.
 65752 | Elf:1    | Noticed Donald
 65774 | Elf:1    | Killed Donald
 65864 | Elf:1    | Noticed Frances
 65874 | Elf:1    | Killed Frances
 67057 | Elf:2    | Found a crumbling gateway.
 67079 | Elf:2    | Identified a scroll of acquirement
 67317 | Elf:2    | Acquired an amulet of reflection
 67506 | Elf:2    | Found Kitu's Antique Weapon Emporium.
 67741 | Elf:2    | Found a runed translucent gate.
 67741 | Elf:2    | Found a runed translucent gate.
 67741 | Elf:2    | Found a runed translucent gate.
 67948 | Vaults:1 | Entered Level 1 of the Vaults
 68675 | Vaults:1 | Learned a level 6 spell: Simulacrum
 68820 | Vaults:1 | Found Esiedd's Weapon Shop.
 69121 | Vaults:1 | Reached skill level 15 in Invocations
 69842 | Vaults:2 | Reached XP level 20. HP: 144/144 MP: 32/38
 70474 | Vaults:2 | Learned a level 4 spell: Olgreb's Toxic Radiance
 71649 | D:3      | Bought Mefed's Papyrus of Underground Accelerants for 280
                  | gold pieces
 71657 | D:3      | Learned a level 5 spell: Fireball
 72281 | Vaults:2 | Found a staircase to the Crypt.
 72285 | Vaults:2 | Acquired 545 gold pieces
 72724 | Snake:3  | Bought a masterwork helmet for 427 gold pieces
 72724 | Snake:3  | Identified the +0 helmet of Bad Feelings {rF- rCorr Slay+5
                  | SInv} (You bought it in a shop on level 3 of the Snake Pit)
 74787 | Vaults:3 | Found a portal to a secret trove of treasure.
 74824 | Vaults:3 | Reached skill level 15 in Spellcasting
 75372 | Vaults:3 | Noticed Frederick
 75391 | Vaults:3 | Killed Frederick
 76067 | Vaults:3 | Reached skill level 15 in Fighting
 76067 | Vaults:3 | Reached skill level 15 in Polearms
 76067 | Vaults:3 | Reached skill level 15 in Dodging
 76851 | Vaults:3 | Noticed Mara
 77392 | Vaults:3 | Noticed dolemite99's illusion
 77398 | Vaults:3 | Killed Mara
 77399 | Vaults:3 | Reached XP level 21. HP: 151/151 MP: 12/40
 78647 | Vaults:4 | Reached skill level 16 in Invocations
 78959 | Vaults:4 | Reached skill level 15 in Throwing
 78959 | Vaults:4 | Reached skill level 15 in Armour
 79221 | Vaults:4 | Identified the amulet of the Frog {Spirit Will+ Dex+4}
 80161 | Vaults:4 | Reached skill level 15 in Short Blades
 80161 | Vaults:4 | Reached skill level 15 in Long Blades
 80161 | Vaults:4 | Reached skill level 15 in Axes
 80161 | Vaults:4 | Reached skill level 15 in Maces & Flails
 80161 | Vaults:4 | Reached skill level 15 in Staves
 80161 | Vaults:4 | Reached skill level 15 in Ranged Weapons
 80161 | Vaults:4 | Reached skill level 15 in Stealth
 80161 | Vaults:4 | Reached skill level 15 in Shields
 80161 | Vaults:4 | Reached skill level 15 in Unarmed Combat
 80161 | Vaults:4 | Reached skill level 15 in Evocations
 81755 | Orc:2    | Bought the Anthology of Frosty Phlogiston for 390 gold
                  | pieces
 81934 | Depths:1 | Entered Level 1 of the Depths
 82082 | Depths:1 | You fall into a shaft and drop 1 floor!
 82082 | Depths:2 | Found a one-way gateway to a ziggurat.
 82640 | Depths:2 | Reached XP level 22. HP: 155/159 MP: 19/42
 82745 | Depths:2 | Found a gateway to Hell.
 82853 | Depths:1 | Learned a level 7 spell: Ozocubu's Refrigeration
 83350 | Depths:1 | Found Nedeiggi's General Store.
 83456 | Depths:1 | Bought a wand of quicksilver (5) for 315 gold pieces
 83466 | Depths:1 | Found a one-way gate to the infinite horrors of the Abyss.
 83712 | Depths:1 | Found an iron altar of Okawaru.
 84504 | Depths:2 | Identified the amulet "Zeot" {Faith rPois Will+ Str-3}
 85284 | Depths:2 | Identified the +9 longbow "Ruam" {freeze, rC+}
 85748 | Depths:2 | Identified the +7 orcbow of the Thieving Gods {flame,
                  | Contam rC- Str+7}
 85750 | Depths:2 | Identified the ring of Regh {Fly rPois Dex+3 Slay+3}
 87243 | Depths:3 | Reached skill level 17 in Invocations
 87998 | Depths:3 | Found a hide-covered altar of Uskayaw.
 88142 | Depths:3 | Noticed a caustic shrike
 88153 | Depths:3 | Killed a caustic shrike
 88500 | Depths:3 | Noticed a golden dragon
 88536 | Depths:3 | Killed a golden dragon
 88541 | Depths:3 | Identified the ring "Teun" {rC- Will+ Str+6}
 89089 | Depths:3 | Noticed a golden dragon
 89094 | Depths:3 | Killed a golden dragon
 89297 | Depths:3 | Reached XP level 23. HP: 166/166 MP: 30/43
 89350 | Depths:3 | Noticed a juggernaut
 89359 | Depths:3 | Killed a juggernaut
 90310 | Depths:3 | Noticed a golden dragon
 90316 | Depths:3 | Killed a golden dragon
 90667 | Depths:4 | Entered Level 4 of the Depths
 90885 | Depths:4 | Learned a level 7 spell: Haunt
 90908 | Depths:4 | Found a shadowy altar of Dithmenos.
 91205 | Depths:4 | Noticed Vv
 91234 | Depths:4 | Killed Vv
 92303 | Depths:4 | Found a gate to the Realm of Zot.
 92788 | Depths:4 | Found Big Baal Hell's Store.
 93108 | Elf:3    | Entered Level 3 of the Elven Halls
 93627 | Elf:3    | Noticed Saint Roka
 93793 | Elf:3    | Learned a level 2 spell: Passwall
 93813 | Elf:3    | Killed Saint Roka
 94488 | Elf:3    | Identified the +5 dire flail of the Crawling Thing {pain,
                  | rElec rF+ SInv}
 94821 | Elf:3    | Noticed Asterion
 95362 | Elf:3    | Reached skill level 15 in Translocations
 96090 | Elf:3    | Killed Asterion
 96184 | Elf:3    | Identified the staff of death "Nidif" {rN+ rCorr Str-2
                  | Dex+7 Stlth+}
 96493 | Elf:3    | Identified the +3 arbalest of Causality {speed, rC+ Int+3
                  | Dex-2}
 96709 | Elf:3    | Identified the +4 scale mail "Pudykky" {+Blink rElec rPois
                  | rF-}
 96921 | Elf:3    | Reached skill level 18 in Invocations
 96921 | Elf:3    | Reached XP level 24. HP: 175/175 MP: 44/44
 97442 | Snake:2  | Bought 2 potions of haste for 300 gold pieces
 97771 | Vaults:5 | Entered Level 5 of the Vaults
 98234 | Vaults:5 | Identified the +6 great mace "Ajyr" {heavy, Str+2 Dex+3}
 98274 | Vaults:5 | Identified the ring of Biugu {rElec rPois Str+2 Dex+6}
 98727 | Vaults:5 | Identified the +1 sling "Fankoi" {freeze, Str+3 Dex+2}
 99172 | Vaults:5 | Identified the +0 buckler "Maon" {rF+ rN++ Int-4}
 99322 | Vaults:5 | Got a silver rune of Zot
 99331 | Vaults:5 | Identified the staff of death "Foijur" {Drain +Blink rPois
                  | rN+}
100163 | Vaults:5 | Found Viumeuwniv's Assorted Antiques.
100686 | Vaults:5 | Bought a potion of heal wounds for 140 gold pieces
100686 | Vaults:5 | Bought a potion of curing for 84 gold pieces
100829 | Vaults:5 | Identified the staff of fire "Teotojug" {rPois rF+ Int+7}
101125 | Vaults:5 | Got Ruwuas's Precepts of Planar Assaults
101133 | Vaults:5 | Got the Almanac of Mercurial Locality
101350 | Zig:1    | Entered Level 1 of a ziggurat
101396 | Zig:2    | Entered Level 2 of a ziggurat
101767 | Zig:3    | Entered Level 3 of a ziggurat
102125 | Zig:4    | Entered Level 4 of a ziggurat
102262 | Zig:4    | Identified the ring "Mymm" {rC+ rN+ Str+2 Dex+3}
102395 | Zig:5    | Entered Level 5 of a ziggurat
102400 | Zig:5    | Noticed a dread lich
102415 | Zig:5    | Killed a dread lich
102416 | Zig:5    | Reached XP level 25. HP: 181/182 MP: 18/44
102647 | Zig:6    | Entered Level 6 of a ziggurat
102652 | Zig:6    | Found the +1 cloak of Starlight {*Dazzle EV+4 Stlth--}
102657 | Zig:6    | Noticed Zojyd the pandemonium lord
102659 | Zig:6    | Found the +6 lightning scales {swift, rElec}
103237 | Crypt:1  | Entered Level 1 of the Crypt
103248 | Crypt:1  | Found a huge runed gate.
103248 | Crypt:1  | Found a huge runed gate.
103248 | Crypt:1  | Found a huge runed gate.
103250 | Crypt:1  | Found a huge runed gate.
103251 | Crypt:1  | Found a huge runed gate.
103252 | Crypt:1  | Found a huge runed gate.
103252 | Crypt:1  | Found a huge runed gate.
103252 | Crypt:1  | Found a huge runed gate.
103256 | Crypt:1  | Found a huge runed gate.
103256 | Crypt:1  | Found a huge runed gate.
103256 | Crypt:1  | Found a huge runed gate.
103256 | Crypt:1  | Found a huge runed gate.
103256 | Crypt:1  | Found a huge runed gate.
103256 | Crypt:1  | Found a huge runed gate.
103256 | Crypt:1  | Found a huge runed gate.
103257 | Crypt:1  | Found a huge runed gate.
103258 | Crypt:1  | Found a huge runed gate.
103363 | Crypt:1  | Found a huge runed gate.
103363 | Crypt:1  | Found a huge runed gate.
103363 | Crypt:1  | Found a huge runed gate.
103363 | Crypt:1  | Found a huge runed gate.
103363 | Crypt:1  | Found a huge runed gate.
103363 | Crypt:1  | Found a huge runed gate.
103364 | Crypt:1  | Found a huge runed gate.
103365 | Crypt:1  | Found a huge runed gate.
103366 | Crypt:1  | Found a huge runed gate.
103453 | Crypt:1  | Found a huge runed gate.
103454 | Crypt:1  | Found a huge runed gate.
103462 | Crypt:1  | Found a huge runed gate.
103462 | Crypt:1  | Found a huge runed gate.
103462 | Crypt:1  | Found a huge runed gate.
103462 | Crypt:1  | Found a huge runed gate.
103462 | Crypt:1  | Found a huge runed gate.
103463 | Crypt:1  | Found a huge runed gate.
103464 | Crypt:1  | Found a huge runed gate.
103466 | Crypt:1  | Found a huge runed gate.
105172 | Crypt:2  | Noticed Boris
105180 | Crypt:2  | Killed Boris
105385 | Crypt:2  | Found an ancient bone altar of Kikubaaqudgha.
105972 | Crypt:3  | Entered Level 3 of the Crypt
106152 | Crypt:3  | Reached skill level 19 in Invocations
106428 | Crypt:3  | Reached skill level 15 in Conjurations
106428 | Crypt:3  | Reached skill level 15 in Hexes
106428 | Crypt:3  | Reached skill level 15 in Summonings
106428 | Crypt:3  | Reached skill level 15 in Necromancy
106428 | Crypt:3  | Reached skill level 15 in Transmutations
106428 | Crypt:3  | Reached skill level 15 in Fire Magic
106428 | Crypt:3  | Reached skill level 15 in Ice Magic
106428 | Crypt:3  | Reached skill level 15 in Air Magic
106428 | Crypt:3  | Reached skill level 15 in Earth Magic
106428 | Crypt:3  | Reached skill level 15 in Poison Magic
106449 | Crypt:3  | Found an ancient bone altar of Kikubaaqudgha.
107228 | Crypt:3  | Found a staircase to the Tomb.
107235 | Crypt:3  | Identified the ring "Atror" {rN+ Dex+4}
107235 | Crypt:3  | Identified the ring "Orhosaisch" {rN+ Dex+5}
107235 | Crypt:3  | Identified the ring of the Salamander {rPois rF+++ rC++ rN+
                  | Will- Stlth-}
107932 | Crypt:3  | Got the Lectures on the Mausoleum
108154 | Crypt:3  | Identified the ring "Qomos" {Ice Str+3}
108679 | Slime:1  | Entered Level 1 of the Pits of Slime
108921 | Slime:5  | Entered Level 5 of the Pits of Slime
109362 | Slime:5  | Noticed the Royal Jelly
109396 | Slime:4  | Reached XP level 26. HP: 185/191 MP: 15/45
110382 | Slime:5  | Killed the Royal Jelly
110983 | Slime:5  | Got the Secrets of Contaminants and Percussion
110985 | Slime:5  | Got a slimy rune of Zot
110986 | Slime:5  | Identified the +2 chain mail of Fun and Games {Rampage
                  | rC++}
110988 | Slime:5  | Identified the +3 morningstar of Sharp Fortitude {flame,
                  | *Noise rElec rN+ Str+5}
111002 | Slime:5  | Identified the +5 short sword of Lust {vamp, rF+ Dex+5}
111003 | Slime:5  | Identified the staff of poison "Puafry" {*Corrode rElec
                  | rPois Str+3 SInv}
111038 | Slime:5  | Identified the staff of earth "Oguwn" {rPois rF++ Str-3
                  | Dex+2}
111733 | Slime:5  | Learned a level 5 spell: Summon Forest
112542 | Elf:3    | Identified the +11 rapier of Kaener {heavy, Fragile Will+
                  | Str+4}
112997 | Zot:1    | Entered Level 1 of the Realm of Zot
113648 | Zot:1    | Noticed an orb of fire
113652 | Zot:1    | Gained mutation: You are clumsy. (Dex -2) [an orb of fire]
113660 | Zot:1    | Killed an orb of fire
115820 | Zot:2    | Noticed an orb of fire
115838 | Zot:2    | Killed an orb of fire
116065 | Zot:2    | Identified the staff of earth "Geresev" {Fly Will+}
116370 | Zot:3    | Reached skill level 20 in Invocations
117681 | Zot:3    | Reached XP level 27. HP: 142/198 MP: 33/46
117998 | Zot:3    | Identified the +2 robe "Zaloci" {rF+ Str+6 Int-4}
121365 | Orc:2    | Bought a wand of digging (1) for 58 gold pieces
121365 | Orc:2    | Bought a +0 plate armour for 322 gold pieces
121408 | Elf:1    | Bought a wand of iceblast (6) for 216 gold pieces
121575 | Depths:1 | Bought a scroll of fog for 60 gold pieces
121575 | Depths:1 | Bought a scroll of teleportation for 45 gold pieces
121575 | Depths:1 | Bought a wand of mindburst (6) for 126 gold pieces
121697 | Depths:4 | Bought a wand of paralysis (6) for 950 gold pieces
121938 | Elf:1    | Bought a scroll of revelation for 112 gold pieces
123205 | Zot:5    | Entered Level 5 of the Realm of Zot
124892 | Zot:5    | Noticed an ancient lich
124911 | Zot:5    | Killed an ancient lich
125690 | Zot:5    | Noticed an orb of fire
125706 | Zot:5    | Gained mutation: Your body sometimes deteriorates upon
                  | taking damage. [an orb of fire]
125707 | Zot:5    | Noticed an orb of fire
125710 | Zot:5    | Noticed an orb of fire
125710 | Zot:5    | Gained mutation: You sometimes lose your temper in combat.
                  | [an orb of fire]
125713 | Zot:5    | HP: 4/199 [electric golem/bolt of lightning (25)]
125713 | Zot:5    | Killed an orb of fire
125717 | Zot:5    | Noticed an orb of fire
125724 | Zot:5    | Gained mutation: Your magical capacity is low. (-10% MP)
                  | [an orb of fire]
125729 | Zot:5    | HP: 4/199 [orb of fire/bolt of fire (8)]
125729 | Zot:5    | Gained mutation: Armour fits poorly on your strangely
                  | shaped body. [mutagenic glow]
125730 | Zot:5    | Gained mutation: You are very clumsy. (Dex -4) [an orb of
                  | fire]
125731 | Zot:5    | Killed from afar by an orb of fire

Illustrated notes

Levels and vault maps discovered:
D:1:      dpeg_arrival_lava_temple_mockup, layout_loops_ring
D:2:      layout_basic, guppyfry_early_lair_pool
D:3:      layout_rooms, serial_shops, shop, nicolae_diamond_shop, shop_coins,
          nicolae_lakefront_shop, uniq_ijyb
D:4:      kennysheep_the_goblin_king, layout_rooms
D:5:      lemuel_ratsnest, layout_loops_ring, minmay_temple_entry_junction
D:6:      layout_rooms, minitemple
D:7:      layout_gridville, minivault_23
D:8:      layout_loops_cross, nicolae_stop_n_shop_2, kennysheep_nondescript,
          minmay_misc_feat_tower, nrook_campfire, nrook_mini_vaults,
          hangedman_abyss_or_decor_lesser_grid, uniq_maggie
D:9:      layout_rooms, small_statue_intersection, nicolae_two_hexagons
D:10:     layout_loops_corners, david_lair_shrubbed, serial_shops,
          nicolae_take_the_stairs, uniq_joseph
D:11:     nzn_winding_woodlands_medium [nzn_winding_woodlands_5x5_checkerboard,
          nzn_winding_woodlands_5x15_lazy_stream,
          nzn_winding_woodlands_5x5_cross, nzn_winding_woodlands_5x5_default,
          nzn_winding_woodlands_center_triple_pond,
          nzn_winding_woodlands_5x5_three, nzn_winding_woodlands_hourglass,
          nzn_winding_woodlands_5x15_sawtooth,
          nzn_winding_woodlands_5x5_open_star], layout_rooms,
          kennysheep_cross_room
D:12:     layout_loops_cross, orc_0_dummy
D:13:     layout_irregular_city, david_vaults_3, serial_demonic,
          serial_demonic_e, serial_demonic_a, serial_demonic_e,
          serial_demonic_c, uniq_erolcha
D:14:     layout_basic, elyvilon_altar_3
D:15:     gammafunk_enter_depths_forms, layout_rooms
Temple:   nicolae_temple_slightly_damp_pantheon
Lair:1:   layout_cave_pods, chequers_serial_rivers_micro_b,
          chequers_serial_rivers_small_3, cheibrodos_lair_reptile_den, uniq_urug
Lair:2:   layout_cave_pods, nicolae_swamp_entry_splash_gauntlet,
          gauntlet_entry_generic, ebering_ghost_disaster_area
Lair:3:   layout_regular_city, guppyfry_snake_entry_garden, minivault_23
Lair:4:   layout_small_grid, grunt_forest_large_clearing_hut
Lair:5:   gammafunk_lair_ancient_temple, layout_regular_city,
          dpeg_slime_entry_corner
Swamp:1:  layout_basic_swamp, evilmike_swamp_ruin_rubble_2,
          infiniplex_staircase_pool_2, uniq_josephine, uniq_jorgrun
Swamp:2:  nicolae_swamp_decorative_isthmus, layout_falls_marsh,
          nicolae_swamp_very_dense_foliage
Swamp:3:  layout_falls_marsh, hangedman_swamp_ruin_wall
Swamp:4:  swamp_vile, layout_basic_swamp
Snake:1:  layout_layer_cave, nicolae_snake_coiling_death
Snake:2:  kennysheep_six_static_rooms, layout_gridlike, st_stairs_1,
          minmay_shop_star, grunt_megastairs_3
Snake:3:  layout_misc_corridors, serial_shops, nicolae_shop_window_shopping,
          nicolae_book_shop_shelving, shop, lemuel_fruit_tree
Snake:4:  grunt_snake_rune_pools, layout_concentric_octagons,
          nicolae_shop_i_like_big_books, nicolae_snake_gridmaze_big_u,
          nicolae_snake_gridmaze_squiggle, st_stairs_8,
          nicolae_snake_slithery_hallway, uniq_aizul
Slime:1:  layout_caves, cheibrodos_slime_lost_civilization_4
Slime:2:  nicolae_slime_infinislime, layout_caves, nicolae_slime_phagocytosis
Slime:3:  layout_caves
Slime:4:  layout_caves
Slime:5
Orc:1:    layout_diamond_mine
Orc:2:    pf_orc_diabolical, layout_diamond_mine, nicolae_alphabet_shops,
          uniq_snorg
Elf:1:    elf_arrival_002, layout_loops_corners, serial_shops, shop, shop,
          hangedman_elf_represent, uniq_kirke, uniq_frances, uniq_donald
Elf:2:    nicolae_elf_blades_splatter_lattice [nicolae_blade_entry_antechamber],
          layout_geoelf_diagonals, portal_desolation_entry_ruin, serial_glass,
          glass_columns_a, glass_columns_a, serial_shops,
          nicolae_shop_rolling_square
Elf:3:    minmay_elf_hall_quartered_circle, layout_gridlike, feat_on_display,
          uniq_saint_roka, uniq_asterion
Vaults:1: nicolae_vaults_offset_grid_hallway_2, nicolae_vaults_network_quincunx
          [nicolae_vaults_network_quincunx_subvault,
          nicolae_vaults_network_quincunx_subvault,
          nicolae_vaults_network_quincunx_subvault,
          nicolae_vaults_network_quincunx_subvault,
          nicolae_vaults_network_quincunx_subvault],
          nicolae_vaults_stepped_doors, nicolae_vaults_variable_pillar_hall,
          nicolae_vaults_closet_pinwheel_6, nicolae_vaults_holding_cells,
          vaults_standard_mumra_x, vaults_dpeg_encased_lava,
          nicolae_vaults_network_square, nicolae_vaults_circle_grid_b,
          hangedman_vaults_cutoff, nicolae_vaults_angled_halls,
          layout_vaults_maze_snakey, serial_shops, shop
Vaults:2: v_misc_18, nicolae_vaults_doubleplus_tesselated,
          nicolae_vaults_offset_grid_hallway_3, nicolae_vaults_tetromino_Z_2,
          nicolae_vaults_tetromino_Z_2, v_rooms_4, v_misc_2,
          nicolae_vaults_network_star, v_misc_17, dpeg_vaults_monster_box,
          nicolae_vaults_trapezoid_lopsided_3, layout_vaults_quadrants,
          dummy_crypt_entry
Vaults:3: nicolae_vaults_little_squares_4, v_misc_4, st_smaller_cells,
          nicolae_vaults_network_periphery, grunt_vaults_bifocal,
          nicolae_vaults_apartment_2, nicolae_vaults_steering_wheel,
          hangedman_vaults_snaps, v_rooms_3, nicolae_vaults_tetromino_L_1,
          v_misc_10, nicolae_vaults_house_3, ontoclasm_vaults_twist,
          layout_vaults_omnibox, enter_trove_2, uniq_frederick, uniq_mara
Vaults:4: hangedman_vaults_pinch, vaults_standard_mumra_lines, v_misc_3,
          nicolae_vaults_octothorpe, vaults_room_pool,
          nicolae_vaults_closet_pinwheel_5, nicolae_vaults_sightless_eye,
          ontoclasm_vaults_pinch, nicolae_vaults_house_1,
          hangedman_vaults_stagger, vaults_room_hallway,
          ontoclasm_vaults_loading_screen, nicolae_vaults_little_squares_3,
          vaults_room_stairs_pillars, layout_vaults_big_cross
Vaults:5
Crypt:1:  layout_misc_corridors, not_door_vault_due
Crypt:2:  layout_regular_city, lemuel_statue_altar,
          roderic_lattice_octagonal_star, uniq_boris, uniq_josephina
Crypt:3:  grunt_crypt_end_deaths_head
Depths:1: layout_cave_shapes, pf_hell_entry_tar_spiral, abyss_entry,
          serial_shops, shop, chequers_serial_rivers_micro_e,
          hellmonk_okawaru_the_only_friend_you_need, serial_bayou_shore_b
Depths:2: minmay_the_grid_3x3 [minmay_the_grid_tri_star,
          minmay_the_grid_minigrid_small, minmay_the_grid_small_cups,
          minmay_the_grid_aliased_spiral, minmay_the_grid_expand,
          minmay_the_grid_diamond_grid, minmay_the_grid_airy,
          minmay_the_grid_stretched_grid, minmay_the_grid_prize_big_room],
          layout_gridville, enter_ziggurat_f, grunt_pan_entry_in_and_out,
          abyss_entry, hell_entry
Depths:3: angbandy_vault, layout_gridville, pan_entry, hell_entry, abyss_entry,
          chequers_serial_rivers_micro_c, nicolae_uskayaw_suspiria,
          serial_bayou_shore_a, infiniplex_staircase_split_hallway, uniq_margery
Depths:4: evilmike_zot_entry_basic, layout_gridlike,
          nicolae_dithmenos_the_darkroom, nicolae_hell_entry_big_baal_hell,
          uniq_vv
Zot:1:    layout_basic, skrybe_zot_glass_2, grunt_megastairs_2
Zot:2:    layout_basic
Zot:3:    grunt_zot_stairs_faceoff, layout_onion, lemuel_golem_globe,
          grunt_megastairs_5
Zot:4:    layout_cathedral_of_symmetry
Zot:5:    layout_basic

Skill      XL: |  1  2  3  4  5  6  7  8  9 10 11 12 13 14 15 16 17 18 19 20 21 22 23 24 25 26 27 |
---------------+----------------------------------------------------------------------------------+-----
Spellcasting   | 5 6 7 8 9 10 11 12 13 14 15 16 17 18 19 | 19.6
Invocations    | 1 2 3 4 5 6 7 8 9 10 11 12 13 14 15 16 17 18 19 20 | 20.6
Short Blades   | 1 2 3 5 6 7 8 9 10 11 12 13 14 15 16 17 18 19 | 19.1
Long Blades    | 1 2 3 5 6 7 8 9 10 11 12 13 14 15 16 17 18 19 | 19.1
Axes           | 1 2 3 5 6 7 8 9 10 11 12 13 14 15 16 17 18 19 | 19.1
Maces & Flails | 1 2 3 5 6 7 8 9 10 11 12 13 14 15 16 17 18 19 | 19.1
Staves         | 1 2 3 5 6 7 8 9 10 11 12 13 14 15 16 17 18 19 | 19.1
Ranged Weapons | 1 2 3 5 6 7 8 9 10 11 12 13 14 15 16 17 18 19 | 19.1
Stealth        | 1 2 3 5 6 7 8 9 10 11 12 13 14 15 16 17 18 19 | 19.1
Shields        | 1 2 3 5 6 7 8 9 10 11 12 13 14 15 16 17 18 19 | 19.1
Unarmed Combat | 1 2 3 5 6 7 8 9 10 11 12 13 14 15 16 17 18 19 | 19.1
Evocations     | 1 2 3 5 6 7 8 9 10 11 12 13 14 15 16 17 18 19 | 19.1
Conjurations   | 1 2 3 4 5 6 7 8 9 10 11 12 13 14 15 16 | 16.3
Hexes          | 1 2 3 4 5 6 7 8 9 10 11 12 13 14 15 16 | 16.3
Summonings     | 1 2 3 4 5 6 7 8 9 10 11 12 13 14 15 16 | 16.3
Necromancy     | 1 2 3 4 5 6 7 8 9 10 11 12 13 14 15 16 | 16.3
Transmutations | 1 2 3 4 5 6 7 8 9 10 11 12 13 14 15 16 | 16.3
Fire Magic     | 1 2 3 4 5 6 7 8 9 10 11 12 13 14 15 16 | 16.3
Ice Magic      | 1 2 3 4 5 6 7 8 9 10 11 12 13 14 15 16 | 16.3
Air Magic      | 1 2 3 4 5 6 7 8 9 10 11 12 13 14 15 16 | 16.3
Earth Magic    | 1 2 3 4 5 6 7 8 9 10 11 12 13 14 15 16 | 16.3
Poison Magic   | 1 2 3 4 5 6 7 8 9 10 11 12 13 14 15 16 | 16.3
Throwing       | 3 4 5 6 7 8 9 10 11 12 13 14 15 16 17 18 19 | 19.2
Armour         | 3 4 5 6 7 8 9 10 11 12 13 14 15 16 17 18 19 | 19.2
Fighting       | 5 6 7 8 9 10 11 12 13 14 15 16 17 18 19 | 19.5
Polearms       | 5 6 7 8 9 10 11 12 13 14 15 16 17 18 19 | 19.5
Dodging        | 5 6 7 8 9 10 11 12 13 14 15 16 17 18 19 | 19.5
Translocations | 6 7 8 9 10 11 12 13 14 15 16 17 | 17.1

Action                     |  1- 3 |  4- 6 |  7- 9 | 10-12 | 13-15 | 16-18 | 19-21 | 22-24 | 25-27 || total
---------------------------+-------+-------+-------+-------+-------+-------+-------+-------+-------++-------
  Melee: Spear             |   116 |   188 |       |       |       |       |       |       |       ||   304
         Bite              |     8 |    40 |    48 |    23 |    40 |    46 |    56 |    13 |    41 ||   315
         Punch             |     1 |     8 |    14 |       |       |       |       |       |       ||    23
         Dagger            |       |   122 |   401 |       |       |       |       |       |       ||   523
         Whip              |       |       |    38 |    71 |       |       |       |       |       ||   109
         Long sword        |       |       |       |    41 |       |       |       |       |       ||    41
         Double sword      |       |       |       |   101 |   230 |   297 |   327 |   123 |   169 ||  1247
         Flail             |       |       |       |       |   206 |       |       |       |       ||   206
         Falchion          |       |       |       |       |       |       |     3 |     3 |       ||     6
         Hand crossbow     |       |       |       |       |       |       |       |       |     3 ||     3
   Fire: Sling             |       |       |    65 |    19 |       |       |       |       |       ||    84
         Hand crossbow     |       |       |       |       |       |       |    37 |   571 |   701 ||  1309
  Throw: Boomerang         |     7 |       |       |       |     9 |   186 |    37 |     1 |    34 ||   274
         Dart              |       |    11 |    23 |    72 |   118 |       |       |       |       ||   224
         Throwing net      |       |       |       |     1 |       |       |       |       |       ||     1
         Javelin           |       |       |       |       |    22 |       |    46 |     1 |    50 ||   119
   Cast: Call Canine Famil |       |     1 |       |    30 |    28 |       |       |       |       ||    59
         Frozen Ramparts   |       |       |    16 |    28 |    23 |     2 |     9 |     1 |       ||    79
         Vhi's Electric Ch |       |       |     1 |       |     1 |     1 |       |       |       ||     3
         Summon Ice Beast  |       |       |       |    26 |    76 |    77 |     9 |       |       ||   188
         Manifold Assault  |       |       |       |    26 |    70 |    11 |    20 |    26 |     5 ||   158
         Borgnjor's Vile C |       |       |       |       |   129 |   224 |    72 |    93 |    86 ||   604
         Starburst         |       |       |       |       |     5 |    34 |    26 |     8 |    40 ||   113
         Sublimation of Bl |       |       |       |       |    14 |    27 |    28 |    21 |    14 ||   104
         Animate Dead      |       |       |       |       |       |     8 |       |       |       ||     8
         Death Channel     |       |       |       |       |       |     1 |    37 |    36 |    14 ||    88
         Blink             |       |       |       |       |       |     1 |       |     1 |    10 ||    12
         Simulacrum        |       |       |       |       |       |       |    43 |    44 |     4 ||    91
         Olgreb's Toxic Ra |       |       |       |       |       |       |   124 |   136 |    35 ||   295
         Fireball          |       |       |       |       |       |       |    46 |    26 |    17 ||    89
         Ozocubu's Refrige |       |       |       |       |       |       |       |    24 |    14 ||    38
         Haunt             |       |       |       |       |       |       |       |     4 |    39 ||    43
         Summon Forest     |       |       |       |       |       |       |       |       |     5 ||     5
         Passwall          |       |       |       |       |       |       |       |       |     3 ||     3
 Invoke: Recall Ancestor   |       |       |     1 |     4 |    14 |    13 |    10 |    10 |    26 ||    78
         Ancestor Life: Kn |       |       |       |     1 |       |       |       |       |       ||     1
         Transference      |       |       |       |     1 |       |       |       |       |       ||     1
         Idealise          |       |       |       |     1 |     4 |     6 |     6 |    15 |    11 ||    43
  Evoke: Wand              |       |       |    15 |    17 |    26 |    15 |    17 |    37 |    13 ||   140
         Phial of floods   |       |       |       |       |     2 |     4 |     2 |     5 |     1 ||    14
         Phantom mirror    |       |       |       |       |       |     5 |     3 |     6 |     3 ||    17
         Tin of tremorston |       |       |       |       |       |       |       |     2 |     5 ||     7
         Lightning rod     |       |       |       |       |       |       |       |       |     4 ||     4
    Use: Potion            |     2 |     3 |       |     3 |    13 |    29 |     4 |     9 |    12 ||    75
         Scroll            |       |    10 |     8 |     5 |    19 |    20 |    11 |    12 |    20 ||   105
   Stab: Sleeping          |     2 |     6 |     1 |       |     1 |     1 |     2 |       |       ||    13
         Distracted        |       |       |       |     2 |     7 |     6 |     5 |     3 |     4 ||    27
         Invisible         |       |       |       |     1 |     3 |     1 |       |       |       ||     5
         Paralysed         |       |       |       |       |       |     1 |       |     1 |       ||     2
         Held in net/web   |       |       |       |       |       |       |       |     1 |       ||     1
 Armour: Leather armour    |    15 |    95 |   127 |     3 |       |       |       |       |       ||   240
         Swamp dragon scal |       |       |       |    73 |    21 |   264 |       |       |       ||   358
         Troll leather arm |       |       |       |       |   108 |     1 |    75 |    55 |    41 ||   280
         Quicksilver drago |       |       |       |       |       |       |       |       |    85 ||    85
         Fire dragon scale |       |       |       |       |       |       |       |       |     2 ||     2
  Dodge: Dodged            |    76 |   194 |   269 |   148 |   313 |   383 |   212 |   219 |   265 ||  2079
         Repelled          |       |     8 |       |     1 |     3 |     8 |     6 |       |       ||    26
  Block: Buckler           |       |       |     5 |    72 |   172 |   125 |       |       |       ||   374
         Kite shield       |       |       |       |       |       |   304 |   401 |   328 |   410 ||  1443
         Reflection        |       |       |       |       |       |       |    56 |    50 |     7 ||   113

Table legend: (Time is in decaauts)
 A = Elapsed time spent in this place.
 B = Non-inter-level travel time spent in this place.
 C = Inter-level travel time spent in this place.
 D = Time resting spent in this place.
 E = Time spent auto-exploring this place.
 F = Levels seen in this place.
 G = Mean time per level.
                   A        B        C        D        E       F      G
               +--------+--------+--------+--------+--------+-----+--------+
         Total | 126261 | 113862 |  12399 |  51849 |  40234 |  62 | 2036.5 |
       Dungeon |  28106 |  23767 |   4339 |  10870 |   8089 |  15 | 1873.7 |
        Temple |    221 |    169 |     52 |      0 |    145 |   1 |  221.0 |
          Lair |  15101 |  12938 |   2163 |   5625 |   5423 |   5 | 3020.2 |
         Swamp |   7038 |   6742 |    296 |   2776 |   2589 |   4 | 1759.5 |
     Snake Pit |  12991 |  12139 |    852 |   6051 |   4025 |   4 | 3247.8 |
    Slime Pits |   3119 |   3016 |    103 |   2051 |    328 |   5 |  623.8 |
  Orcish Mines |   6330 |   5348 |    982 |   2442 |   1604 |   2 | 3165.0 |
   Elven Halls |   7813 |   7127 |    686 |   3208 |   2531 |   3 | 2604.3 |
        Vaults |  15655 |  14699 |    956 |   5902 |   5925 |   5 | 3131.0 |
         Crypt |   5123 |   4972 |    151 |   1744 |   2083 |   3 | 1707.7 |
        Depths |  12468 |  11261 |   1207 |   4611 |   4318 |   4 | 3117.0 |
           Zot |  10994 |  10386 |    608 |   5541 |   3161 |   5 | 2198.8 |
      Ziggurat |   1295 |   1295 |      0 |   1024 |     11 |   6 |  215.8 |
               +--------+--------+--------+--------+--------+-----+--------+

Top non-repeatable levels by time:
 Snake:4: 5386 daAuts
   Orc:2: 5132 daAuts
  Lair:2: 4723 daAuts
Vaults:2: 4600 daAuts
Depths:3: 4321 daAuts
   Elf:3: 4271 daAuts
Depths:2: 3930 daAuts
    D:14: 3694 daAuts
Vaults:5: 3485 daAuts
   Zot:3: 3261 daAuts
Vaults:3: 3090 daAuts
  Lair:1: 2895 daAuts
  Lair:3: 2832 daAuts
    D:12: 2753 daAuts
    D:10: 2733 daAuts
